AoeStats
← Mahore

Fortress

509733616Analyzed
3v3 RM · 5d ago on Sep 27, 2026· 50m 58s· 6 players
Game mode
Random Map
Map size
Large (8 player)
Population
200
Speed
Normal
Resources
Standard
Victory
Conquest
Starting age
Dark Age
Ending age
Imperial Age
RankedLock teamsTeams togetherTeam positionsShared explorationLock speedFull tech treeHidden civsTurbo modeCheats
Victory
Defeat
🇭🇺 Bohemians · Hungary
1348
+13
🇭🇺 Cumans · Hungary
1328
+14
🇭🇺 Hindustanis · Hungary
1284
+17
🇨🇴 Bohemians · Colombia
1296
-15
🇧🇷 Varangians · Brazil
1295
-15
🇪🇸 Armenians · Spain
1281
-14
Murits
6:21 Feudal Age
8:09 Loom
11:46 Castle Age
9:37 Double-Bit Axe
10:45 Gold Mining
11:48 Wheelbarrow
11:03 Horse Collar
17:16 Bow Saw
18:48 Town Watch
19:58 Fletching
20:22 Forging
20:32 Scale Barding Armor
22:54 Iron Casting
25:55 Heavy Plow
31:46 Imperial Age
30:59 Chain Barding Armor
31:54 Bloodlines
31:31 Light Cavalry
36:25 Plate Barding Armor
35:54 Husbandry
37:10 Hand Cart
37:20 Hussar
38:36 Hussar
38:48 Gothikon
41:38 Elite Jarl
43:50 Blast Furnace
46:47 Fletching
47:01 Heavy Mounted Crossbowman
50:54 Bodkin Arrow
CampaCar
7:23 Feudal Age
8:48 Loom
11:21 Castle Age
10:01 Double-Bit Axe
11:04 Gold Mining
16:11 Town Watch
18:19 Fletching
18:29 Padded Archer Armor
23:02 Wheelbarrow
22:28 Town Patrol
23:17 Redemption
23:28 Sanctity
23:44 Horse Collar
24:25 Hand Cart
24:27 Squires
24:15 Pikeman
26:15 Arson
26:18 Gambesons
26:22 Man-at-Arms
30:23 Imperial Age
27:31 Long Swordsman
28:26 Two-Handed Swordsman
29:47 Scale Mail Armor
29:58 Forging
29:43 Bodkin Arrow
32:27 Capped Ram
33:41 Chain Mail Armor
33:32 Halberdier
36:17 Champion
38:44 Iron Casting
38:40 Plate Mail Armor
38:33 Conscription
38:53 Heavy Plow
41:22 Fereters
45:39 Blast Furnace
44:41 Bracer
44:57 Leather Archer Armor
46:20 Elite Composite Bowman
47:44 Hoardings
48:59 Ring Archer Armor
Mahore
8:06 Feudal Age
11:58 Castle Age
16:41 Double-Bit Axe
16:39 Horse Collar
18:18 Wheelbarrow
18:40 Heavy Plow
18:51 Bow Saw
26:17 Imperial Age
25:01 Hand Cart
26:19 Pikeman
28:26 Chemistry
27:53 Squires
27:25 Elite Skirmisher
30:13 Fletching
31:08 Halberdier
32:33 Conscription
33:50 Houfnice
36:30 Conscription
41:41 Forging
42:14 Bodkin Arrow
42:19 Padded Archer Armor
42:21 Scale Mail Armor
43:30 Bracer
44:06 Iron Casting
43:47 Chain Mail Armor
43:55 Ballistics
Leto_DavE
8:55 Feudal Age
9:48 Double-Bit Axe
12:44 Castle Age
10:37 Horse Collar
11:54 Forging
12:47 Scale Barding Armor
14:00 Bow Saw
14:16 Chain Barding Armor
19:00 Bloodlines
20:49 Wheelbarrow
21:53 Husbandry
22:58 Hand Cart
23:34 Town Watch
23:35 Loom
28:21 Imperial Age
25:53 Heavy Plow
27:43 Gold Mining
28:46 Iron Casting
28:23 Heavy Camel Rider
29:40 Plate Barding Armor
29:31 Conscription
29:50 Shatagni
30:53 Chemistry
32:36 Caravan
34:26 Padded Archer Armor
34:30 Imperial Camel Rider
36:34 Light Cavalry
38:45 Iron Casting
38:26 Leather Archer Armor
39:37 Hussar
42:04 Blast Furnace
48:56 Ring Archer Armor
koole
7:02 Feudal Age
7:21 Feudal Age
11:49 Castle Age
9:48 Double-Bit Axe
9:58 Horse Collar
12:56 Heavy Plow
13:43 Bow Saw
14:22 Wheelbarrow
13:55 Loom
17:08 Fletching
18:05 Bodkin Arrow
22:21 Ballistics
23:02 Chemistry
22:42 Town Watch
29:05 Imperial Age
27:06 Masonry
29:11 Padded Archer Armor
29:13 Squires
29:35 Wagenburg Tactics
29:59 Hand Cart
29:57 Bracer
30:15 Caravan
32:26 Conscription
34:41 Houfnice
35:47 Leather Archer Armor
36:04 Siege Engineers
35:54 Murder Holes
37:20 Two-Man Saw
36:40 Scale Mail Armor
36:05 Pikeman
37:04 Forging
38:06 Chain Mail Armor
37:50 Halberdier
39:25 Hussite Reforms
40:23 Architecture
41:06 Plate Mail Armor
41:12 Iron Casting
42:18 Ring Archer Armor
43:17 Bombard Tower
43:11 Fortified Wall
45:39 Scale Barding Armor
46:36 Blast Furnace
45:39 Husbandry
45:00 Light Cavalry
47:48 Chain Barding Armor
48:46 Arson
49:23 Arrowslits
50:01 Sappers
violachaos
5:30 Feudal Age
6:30 Double-Bit Axe
7:13 Horse Collar
11:05 Wheelbarrow
10:58 Loom
12:00 Gold Mining
16:03 Castle Age
14:36 Stone Mining
15:32 Fletching
15:43 Padded Archer Armor
17:15 Bow Saw
17:47 Bodkin Arrow
21:20 Bloodlines
21:28 Leather Archer Armor
27:51 Imperial Age
28:55 Conscription
29:07 Ring Archer Armor
28:47 Thumb Ring
29:19 Heavy Plow
29:55 Gold Shaft Mining
32:59 Chemistry
32:02 Light Cavalry
32:23 Elite Kipchak
33:37 Hussar
34:27 Scale Barding Armor
34:32 Forging
35:41 Parthian Tactics
39:46 Chain Barding Armor
42:46 Ballistics
42:39 Onager
47:25 Plate Barding Armor
48:35 Hand Cart
48:29 Caravan
51:51 Iron Casting
Connection lost

Rejoining the realm…

Still unreachable

The connection could not be restored.

Session expired

The server has moved on; the page needs a fresh start.